[Event "Magnus Carlsen Invitational 2021"]
[Site "Online"]
[Date "2021.03.10"]
[Round "8.1"]
[White "Giri, Anish"]
[Black "Grandelius, Nils"]
[Result "1/2-1/2"]
[ECO "B90"]
[WhiteElo "2731"]
[BlackElo "2632"]
[Annotator "RC"]
[PlyCount "91"]
[EventDate "2021.03.13"]
[EventType "tourn"]
[EventCountry "NET"]
[SourceTitle "playchess.com"]
[Source "ChessBase"]
[SourceQuality "1"]
[TimeControl "900+10"]

1. Nf3 c5 2. e4 d6 3. d4 cxd4 4. Nxd4 Nf6 5. Nc3 a6 6. a4 g6 7. Be2 Bg7 8. O-O O-O 9. Be3 Nc6 10. Qd2 Rb8 11. Rfb1 Ng4 12. Bxg4 Bxg4 13. Nd5 Bd7 14. a5 Ne5 15. Bg5 Re8 16. b3 Ng4 17. Re1 h6 18. Bh4 Bc6 19. h3 Nf6 20. c4 Nh5 21. f3 g5 22. Bf2 e6 23. Nb6 Be5 24. Rad1 Qe7 25. Ne2 Red8 26. Bd4 Nf4 27. b4 Kh7 28. Qb2 Qf6 29. Nxf4 gxf4 30. Bxe5 dxe5 31. b5 Be8 32. bxa6 bxa6 33. c5 Bb5 34. Qc2 Rxd1 35. Rxd1 Rd8 36. Rd6 Qh4 37. Qf2 Qf6 38. Qd2 Rg8 39. c6 Qe7 40. Nd7 Qg5 41. Qb2 Qh4 42. Qf2 Qe7 43. Qd2 Qg5 44. Qb2 Qh4 45. Qf2 Qe7 46. Qd2 1/2-1/2

[Event "Magnus Carlsen Invitational 2021"]
[Site "Online"]
[Date "2021.03.10"]
[Round "8.4"]
[White "Karjakin, Sergey"]
[Black "Firouzja, Alireza"]
[Result "1-0"]
[ECO "B12"]
[WhiteElo "2709"]
[BlackElo "2703"]
[Annotator "ChessBase"]
[PlyCount "113"]
[EventDate "2021.03.13"]
[EventType "tourn"]
[EventCountry "NET"]
[SourceTitle "playchess.com"]
[Source "ChessBase"]
[SourceQuality "1"]
[TimeControl "900+10"]

1. e4 c6 2. d4 d5 3. e5 Bf5 4. Nf3 e6 5. Be2 Ne7 6. c3 h6 7. O-O Nd7 8. Nbd2 a5 9. a4 Bh7 10. Nb3 Qb6 11. Ne1 Nf5 12. Nd3 Be7 13. Re1 g5 14. Bh5 Ng7 15. Be2 h5 16. Ndc5 g4 17. Nxd7 Kxd7 18. Nc5+ Bxc5 19. dxc5 Qxc5 20. Qb3 Rhb8 21. Be3 Qe7 22. Rad1 b6 23. f3 gxf3 24. Bxf3 Kc7 25. Bf2 Bg6 26. c4 Qb4 27. Qa2 Qxc4 28. Qxc4 dxc4 29. Rd6 c5 30. Rc6+ Kd7 31. Rd6+ Kc7 32. Red1 Bd3 33. b3 Rd8 34. Bxa8 Rxa8 35. bxc4 Bxc4 36. Rd7+ Kc8 37. Rd8+ Kb7 38. R1d7+ Kc6 39. Rd6+ Kb7 40. Rxa8 Kxa8 41. Rxb6 Nf5 42. Bxc5 Nh4 43. Bd4 Bd3 44. Rb3 Be4 45. Rh3 Nxg2 46. Rxh5 Kb7 47. Kf2 Kc6 48. Bc3 Kd5 49. Bd2 Kd4 50. h4 Kd3 51. Bg5 Kd4 52. Rh8 Kxe5 53. h5 Kf5 54. Rg8 f6 55. h6 Ke5 56. Bc1 Nh4 57. h7 1-0

[Event "Magnus Carlsen Invitational 2021"]
[Site "Online"]
[Date "2021.03.10"]
[Round "10.3"]
[White "Karjakin, Sergey"]
[Black "Anton Guijarro, David"]
[Result "1-0"]
[ECO "A47"]
[WhiteElo "2709"]
[BlackElo "2674"]
[Annotator "RC"]
[PlyCount "137"]
[EventDate "2021.03.13"]
[EventType "tourn"]
[EventCountry "NET"]
[SourceTitle "playchess.com"]
[Source "ChessBase"]
[SourceQuality "1"]
[TimeControl "900+10"]

1. d4 Nf6 2. Bf4 e6 3. e3 b6 4. Nf3 Bb7 5. Be2 h6 6. h3 Bd6 7. Bxd6 cxd6 8. O-O d5 9. a4 Nc6 10. c3 O-O 11. Nbd2 Ne4 12. Nb3 a5 13. Bb5 f5 14. Nc1 Nd6 15. Ne2 Nxb5 16. axb5 Ne7 17. h4 Qc7 18. Nf4 Kh7 19. Ra4 Rf6 20. Qe2 Ng6 21. g3 Nxf4 22. exf4 d6 23. Rfa1 Bc8 24. Qd3 Bd7 25. b4 Rff8 26. Nd2 Rfc8 27. R4a3 Qd8 28. bxa5 Rxa5 29. Rxa5 bxa5 30. Nb1 Qc7 31. Ra2 Kg8 32. Rb2 Qb6 33. Na3 Qb7 34. b6 a4 35. Kh2 Rc6 36. Qb5 Rxc3 37. Qb4 Rc1 38. Qxd6 Kh7 39. Qb4 Be8 40. Rc2 Rxc2 41. Nxc2 Bc6 42. Kg2 Qa6 43. Qd6 Qxb6 44. Qxe6 Qb7 45. Qxf5+ Kg8 46. Qe6+ Kh8 47. f5 Qd7 48. Qe5 Qf7 49. g4 Kh7 50. Kg3 Bd7 51. Kf4 Kh8 52. Qb8+ Kh7 53. Qd6 Qe8 54. f3 Qe2 55. Qg6+ Kh8 56. f6 Qh2+ 57. Ke3 Qg1+ 58. Kd2 Qh2+ 59. Kd3 Bb5+ 60. Kc3 Qc7+ 61. Kb4 gxf6 62. Qxh6+ Kg8 63. Qg6+ Kh8 64. Qxf6+ Kh7 65. Qf5+ Kh6 66. Qh5+ Kg7 67. Qe5+ Qxe5 68. dxe5 Be2 69. Nd4 1-0

[Event "Magnus Carlsen Invitational 2021"]
[Site "Online"]
[Date "2021.03.10"]
[Round "15.4"]
[White "Anton Guijarro, David"]
[Black "Dubov, Daniil"]
[Result "0-1"]
[ECO "A49"]
[WhiteElo "2674"]
[BlackElo "2770"]
[Annotator "ChessBase"]
[PlyCount "113"]
[EventDate "2021.03.13"]
[EventType "tourn"]
[EventCountry "NET"]
[SourceTitle "playchess.com"]
[Source "ChessBase"]
[SourceQuality "1"]
[TimeControl "900+10"]

1. Nf3 Nf6 2. b3 g6 3. Bb2 Bg7 4. g3 d6 5. d4 c5 6. dxc5 Qa5+ 7. Nbd2 Qxc5 8. e3 O-O 9. c4 Nc6 10. Bg2 Qh5 11. O-O Bg4 12. Qc2 Rac8 13. Nd4 Nb4 14. Qb1 Bh3 15. f3 a6 16. a3 Nc6 17. Qe1 Bxg2 18. Kxg2 b5 19. g4 Qc5 20. b4 Qb6 21. Rc1 Ne5 22. Qe2 bxc4 23. Nxc4 Nxc4 24. Rxc4 Nd5 25. Rfc1 Rxc4 26. Rxc4 e5 27. Nc2 Qb5 28. Kf2 Bf6 29. Bc1 e4 30. Nd4 Bh4+ 31. Kf1 exf3 32. Nxf3 Bf6 33. Rc2 Qa4 34. Qd3 Re8 35. Kf2 Bg7 36. g5 Nb6 37. e4 d5 38. exd5 Nxd5 39. Re2 Rd8 40. Bb2 Bxb2 41. Rxb2 Rd6 42. Re2 Qd7 43. Qe4 Qa7+ 44. Qd4 Qxd4+ 45. Nxd4 Nxb4 46. axb4 Rxd4 47. Ra2 Rd6 48. Kg3 Kg7 49. h4 h6 50. Rc2 Rd3+ 51. Kf2 hxg5 52. hxg5 Rd5 53. Rc5 Rxc5 54. bxc5 Kf8 55. Ke3 Ke7 56. Ke4 a5 57. Kd5 0-1